 Seeded DCSS version 0.31-a0-986-g5e6e4ef867 (webtiles) character file.

Game seed: 5200550829900917827 (custom seed)

128 timneilson the Ruffian (level 5, -12/35 HPs)
             Began as an Octopode Shapeshifter on Nov 15, 2023.
             Mangled by an ogre
             ... wielding a +0 giant spiked club
              (26 damage)
             ... on level 4 of the Dungeon.
             The game lasted 00:02:53 (2191 turns).

timneilson the Ruffian (Octopode Shapeshifter)      Turns: 2191, Time: 00:02:53

Health: -12/35     AC:  1    Str: 16    XL:     5   Next: 12%
Magic:  6/6        EV: 13    Int: 12    God:
Gold:   146        SH:  0    Dex: 11    Spells: 5/5 levels left

rFire   . .          .
                       - Unarmed
rCold   . . .        (no shield)
rNeg    . . .        (helmet currently unavailable)
rPois   .            f - amulet of regeneration
rElec   .            (no ring)
rCorr   .            (no ring)
SInv    .            (no ring)
Will    .....        (no ring)
Stlth   +++          (no ring)
HPRegen 1.05/turn    (no ring)
MPRegen 0.10/turn    (no ring)
                     (no ring)

%: no passive effects
@: beast-form, hasted, very quick
A: beast (slay +2), almost no armour, amphibious, 8 rings, camouflage 1,
gelatinous body 1, (nimble swimmer 1), tentacles
a: Begin Untransformation


You were on level 4 of the Dungeon.
You were a hulking beast.
You visited 1 branch of the dungeon, and saw 4 of its levels.

You collected 146 gold pieces.

Inventory:

Missiles
 i - a throwing net
Jewellery
 f - an amulet of regeneration (around mantle)
Talismans
 b - a beast talisman
 c - a flux talisman
Wands
 j - a wand of flame (16)
Potions
 a - a potion of lignification
 h - 3 potions of curing
 n - a potion of might {unknown}


   Skills:
 * Level 2.3 Fighting
 * Level 2.9 Dodging
 + Level 1.9 Stealth
 * Level 3.6 Unarmed Combat
 + Level 0.8 Spellcasting
 * Level 3.5 Shapeshifting


You had 5 spell levels left.
You didn't know any spells.
Your spell library contained the following spells:

 Spells                   Type           Power      Damage    Failure   Level
 Apportation              Tloc           0%         N/A       30%         1
 Sting                    Tmut/Pois      0%         1d3       30%         1
 Jinxbite                 Hex            0%         N/A       43%         2
 Poisonous Vapours        Pois/Air       0%         N/A       43%         2
 Olgreb's Toxic Radiance  Pois           0%         N/A       97%         4
 Alistair's Intoxication  Tmut/Pois      0%         N/A       100%        5


Dungeon Overview and Level Annotations

Branches:
Dungeon (4/15)
 Temple: D:4-7

Altars:

Shops:
D:3 =


Innate Abilities, Weirdness & Mutations

You are a hulking beast.
Your limbs bulge with bestial killing power. (Slay +2)
You cannot wear most types of armour.
You are amphibious.
You can wear up to eight rings at the same time.
Your skin changes colour to match your surroundings (Stealth+).
Your rubbery body absorbs attacks. (AC +1, EV +1)
((You are camouflaged when in or above water. (Stealth+)))
You have tentacles for arms and can constrict up to eight enemies at once.


Message History

There is a stone staircase leading down here.
There is a stone staircase leading down here.
You climb downwards.
Found a scroll of identify.
There is a stone staircase leading up here.
e - a scroll of identify
As you read the scroll labelled ISIXESAZ RYPHU, it crumbles to dust.
You feel strangely unstable.
It was a scroll of teleportation.
As you read the scroll of identify, it crumbles to dust.
k - a potion of degeneration You drop a potion of degeneration.
Your surroundings suddenly seem different.
Found a war axe.
An ogre comes into view. It is wielding a +0 giant spiked club.
The ogre shouts!
You hear a shout! x2
You feel yourself speed up. The ogre misses you.
You tentacle-slap the ogre. Your squeeze misses the ogre.
The ogre is lightly wounded.
You tentacle-slap the ogre but do no damage.
The ogre is lightly wounded.
The ogre barely misses you.
You tentacle-slap the ogre. You squeeze the ogre!
The ogre is heavily wounded.
An orc comes into view. It is wielding a +0 dagger.
The orc shouts!
You tentacle-slap the ogre.
The ogre is heavily wounded.
You hear a shout! x2
The ogre hits you with a +0 giant spiked club!!
Ouch! That really hurt!
You barely miss the ogre.
The ogre is heavily wounded.
You tentacle-slap the ogre.
The ogre is heavily wounded.
You tentacle-slap the ogre. You squeeze the ogre.
The ogre is severely wounded.
The ogre hits you with a +0 giant spiked club!!
Ouch! That really hurt!
You die...

ยง.# .. .#
..# . . ..#
.#. ##.#
... ..# #.#
#.# #o#
#!## #O#
#... #h#
####
#.#########
#.........#
#########.#
##.########
#.........)
#..########
......
#.###..#


You could see an ogre and an orc.

Vanquished Creatures
  A jelly (D:3)
  An orc wizard (D:3)
  3 adders
  A worm (D:3)
  A dart slug (D:3)
  2 orcs (D:3)
  4 endoplasms
  3 giant cockroaches
  4 goblins
  3 hobgoblins
  3 ball pythons
  3 bats
  A frilled lizard (D:1)
  5 kobolds
  9 rats
44 creatures vanquished.

Notes
Turn   | Place    | Note
-------+----------+-------------------------------------------
     0 | D:1      | timneilson the Octopode Shapeshifter began the quest for
                  | the Orb.
     0 | D:1      | Reached XP level 1. HP: 13/13 MP: 1/1
   131 | D:1      | Reached XP level 2. HP: 18/18 MP: 2/2
   868 | D:2      | Reached skill level 1 in Stealth
   868 | D:2      | Reached XP level 3. HP: 23/23 MP: 3/3
   895 | D:2      | Found a faded altar of an unknown god.
  1444 | D:3      | Reached XP level 4. HP: 24/29 MP: 4/4
  1773 | D:3      | Found Sippeol's Jewellery Shoppe.
  1885 | D:3      | Reached XP level 5. HP: 24/35 MP: 6/6
  2123 | D:4      | Noticed an ogre
  2181 | D:4      | Noticed an ogre
  2191 | D:4      | Mangled by an ogre

Illustrated notes

Levels and vault maps discovered:
D:1:      giann_horns, layout_basic
D:2:      layout_loops_ring, hellmonk_ecumenical_altar_pennies_from_heaven
D:3:      layout_loops_corners, serial_shops, shop
D:4:      layout_loops_ring, minmay_temple_entry_mist

Skill      XL: |  1  2  3 |
---------------+----------+-----
Stealth        | 1 |  1.9
Fighting       | 2 |  2.3
Dodging        | |  2.9
Unarmed Combat | |  3.6
Spellcasting   | |  0.8
Shapeshifting  | |  3.5

Action                     |  1- 3 |  4- 6 || total
---------------------------+-------+-------++-------
  Melee: Unarmed           |    59 |    32 ||    91
         Tentacles         |    10 |     8 ||    18
         Constrict         |     8 |     6 ||    14
         Punch             |     1 |       ||     1
    Use: Scroll            |     2 |     5 ||     7
         Potion            |       |     1 ||     1
   Stab: Sleeping          |    11 |     1 ||    12
         Distracted        |     1 |       ||     1
 Armour: Skin              |    11 |    14 ||    25
  Dodge: Dodged            |    21 |     9 ||    30

Table legend: (Time is in decaauts)
 A = Elapsed time spent in this place.
 B = Non-inter-level travel time spent in this place.
 C = Inter-level travel time spent in this place.
 D = Time resting spent in this place.
 E = Time spent auto-exploring this place.
 F = Levels seen in this place.
 G = Mean time per level.
                   A        B        C        D        E       F      G
               +--------+--------+--------+--------+--------+-----+--------+
         Total |   2182 |   2037 |    145 |      0 |   1684 |   4 |  545.5 |
       Dungeon |   2182 |   2037 |    145 |      0 |   1684 |   4 |  545.5 |
               +--------+--------+--------+--------+--------+-----+--------+

Top non-repeatable levels by time:
     D:3: 912 daAuts
     D:1: 622 daAuts
     D:2: 618 daAuts
     D:4: 29 daAuts
